Map: Tours du crépuscule

Players

pupu - Winner!

  • Race: Protoss Protoss
  • League: Silver

Josie

  • Race: Terran Terran
  • League: Silver

VOD

Have the link to the VOD?

Description

Time

  • Played on: April 5, 2016, 12:57 p.m.
  • Length: 16:42
Show
View Real Time Build Order
Export as new Build Order

pupu Protoss - Winner!

Build Orders: 1 Gate Expand 

Get SALT Encoding   

  12  0:01  Probe (Chrono Boost)  
  13  0:11  Probe (Chrono Boost)  
  14  0:18  Pylon  
  14  0:22  Probe (Chrono Boost)  
  15  0:37  Probe (Chrono Boost)  
  15  0:38  Gateway  
  16  0:47  Probe (Chrono Boost)  
  17  0:51  Assimilator  
  17  1:04  Probe (Chrono Boost)  
  18  1:14  Probe (Chrono Boost)  
  19  1:24  Nexus  
  19  1:34  Cybernetics Core  
  19  1:37  Probe (Chrono Boost)  
  20  1:43  Assimilator  
  20  1:48  Probe (Chrono Boost)  
  20  1:54  Pylon  
  21  1:58  Probe (Chrono Boost)  
  22  2:09  Probe (Chrono Boost)  
  22  2:15  Robotics Facility  
  23  2:19  Probe (Chrono Boost)  
  24  2:23  Warp Gate (Chrono Boost)  
  24  2:28  Adept  
  26  2:31  Probe  
  26  2:35  Probe  
  28  2:43  Probe  
  29  2:45  Probe  
  28  3:05  Stalker  
  28  3:11  Probe  
  28  3:12  Probe  
  32  3:16  Pylon  
  32  3:19  Gateway  
  32  3:21  Gateway  
  32  3:28  Probe  
  32  3:29  Probe, Pylon  
  34  3:38  Assimilator  
  34  3:44  Warp Prism (Chrono Boost)  
  35  3:53  Probe  
  36  4:41  Zealot x2  
  36  4:42  Zealot  
  36  5:15  Zealot x3  
  42  5:22  Twilight Council  
  42  5:25  Gateway  
  42  5:26  Gateway  
  42  5:28  Gateway  
  42  5:31  Gateway  
  42  5:34  Gateway  
  42  5:36  Probe x2, Robotics Facility  
  42  5:37  Pylon  
  42  5:38  Zealot x3  
  42  5:42  Pylon  
  50  5:45  Pylon  
  50  5:54  Probe x2  
  50  5:55  Pylon  
  52  6:05  Charge (Chrono Boost)  
  52  6:06  Probe x2  
  54  6:15  Zealot x2  
  58  6:18  Probe x2  
  58  6:19  Adept  
  58  6:24  Sentry x2  
  66  6:30  Sentry x2  
  66  6:31  Sentry  
  72  6:40  Zealot x2  
  72  6:46  Probe  
  77  6:47  Probe  
  77  6:48  Gateway  
  78  6:59  Mothership Core  
  78  7:00  Probe  
  81  7:06  Assimilator  
  81  7:12  Probe  
  81  7:13  Pylon  
  82  7:18  Pylon  
  82  7:20  Probe, Pylon  
  83  7:24  Probe  
  85  7:30  Observer  
  85  7:32  Probe  
  85  7:34  Blink (Chrono Boost)  
  85  7:36  Probe  
  87  7:44  Probe  
  87  7:48  Probe  
  89  7:56  Probe  
  89  7:57  Immortal  
  94  7:59  Nexus  
  94  8:00  Probe  
  94  8:01  Zealot  
  94  8:03  Sentry  
  94  8:04  Sentry  
  101  8:08  Probe  
  102  8:15  Probe  
  102  8:18  Zealot x3  
  109  8:20  Probe  
  109  8:23  Pylon  
  109  8:26  Pylon  
  110  8:32  Pylon  
  110  8:35  Pylon  
  110  8:41  Probe x2  
  110  8:44  Immortal  
  116  8:49  Zealot  
  118  8:58  Forge  
  118  9:01  Forge  
  118  9:04  Pylon  
  118  9:08  Pylon  
  118  9:09  Probe x2  
  120  9:11  Probe  
  121  9:23  Pylon  
  121  9:29  Immortal (Chrono Boost)  
  125  9:33  Protoss Ground Weapons Level 1 (Chrono Boost)  
  125  9:34  Protoss Ground Armor Level 1 (Chrono Boost)  
  125  9:41  Zealot x5  
  125  9:42  Zealot  
  137  10:01  Probe  
  137  10:02  Probe x2  
  137  10:06  Warp Prism  
  142  10:17  Zealot x4  
  142  10:18  Zealot x5  
  160  10:34  Dark Shrine  
  160  10:40  Assimilator  
  160  10:45  Assimilator  
  160  10:47  Pylon  
  160  10:49  Pylon  
  160  10:52  Pylon  
  160  10:54  Pylon  
  160  10:58  Gateway  
  160  10:59  Gateway  
  160  11:01  Gateway  
  160  11:03  Gateway  
  160  11:05  Gateway  
  160  11:07  Nexus  
  160  11:10  Pylon  
  160  11:12  Pylon  
  160  11:14  Pylon  
  160  11:16  Pylon  
  160  11:18  Pylon  
  160  11:20  Pylon  
  160  11:22  Assimilator  
  160  11:40  Zealot  
  160  11:41  Zealot x5  
  160  11:42  Zealot x3  
  133  12:04  Zealot  
  133  12:05  Zealot x8  
  133  12:17  Zealot x3  
  133  12:18  Zealot x2  
  97  12:51  Zealot x5  
  97  12:52  Zealot x4  
  97  12:53  Zealot x5  
  115  13:18  Stalker x3  
  115  13:19  Stalker x5  
  131  13:20  Stalker x2  
  131  13:21  Stalker  
  91  14:28  Observer  
  91  14:35  Zealot x2  
  91  14:36  Zealot x7  
  91  14:37  Zealot x5  
  119  14:47  Probe  
  119  14:48  Probe x2  
  122  14:53  Probe  
  122  14:57  Probe  
  124  15:00  Probe  
  124  15:03  Probe  
  124  15:04  Probe  
  127  15:16  Assimilator  
  127  15:22  Zealot x5  
  127  15:23  Zealot x5  
  127  15:24  Zealot x4  
  155  15:33  Immortal  
  159  15:51  Zealot x4  
  159  15:52  Zealot x7  
  159  15:53  Zealot  
  161  16:21  Zealot x2  
  161  16:22  Zealot x8  
  161  16:23  Zealot  
Show
View Real Time Build Order
Export as new Build Order

Josie Terran 

Build Orders: Reaper Expand 

Get SALT Encoding   

  12  0:01  SCV  
  13  0:13  SCV  
  14  0:22  Supply Depot  
  14  0:25  SCV  
  15  0:44  SCV  
  15  0:45  Barracks  
  15  0:48  Refinery  
  16  0:56  SCV  
  17  1:08  SCV  
  18  1:20  SCV  
  19  1:33  Orbital Command  
  19  1:37  Reaper  
  20  1:52  Command Center  
  20  2:01  SCV  
  20  2:04  Supply Depot  
  20  2:07  Refinery  
  21  2:13  SCV  
  21  2:14  Barracks Reactor  
  22  2:25  SCV  
  23  2:31  Factory  
  23  2:38  SCV  
  24  2:50  SCV  
  25  3:02  SCV  
  26  3:07  Orbital Command  
  26  3:09  Marine  
  26  3:10  Marine  
  28  3:14  SCV  
  29  3:22  Factory Tech Lab  
  29  3:24  Supply Depot  
  29  3:25  Starport  
  29  3:28  Marine x2  
  29  3:29  Barracks  
  31  3:35  SCV x2  
  33  3:46  Supply Depot, Siege Tank  
  33  3:47  SCV x2  
  33  3:48  Marine x2  
  40  4:05  Marine  
  40  4:06  Marine  
  42  4:15  SCV x2  
  44  4:23  Marine x2  
  46  4:33  Medivac  
  48  4:41  Marine x2  
  50  4:46  Supply Depot  
  50  4:48  Barracks Reactor  
  48  4:59  Marine x2  
  46  5:17  Marine x2  
  46  5:19  Starport Reactor  
  48  5:23  SCV x2  
  50  5:29  Supply Depot, Barracks  
  50  5:35  Marine, SCV x2  
  53  5:40  Marine x2  
  55  5:45  Marine  
  55  5:47  Siege Tank  
  59  5:52  Marine  
  59  5:56  SCV x2  
  62  5:58  Marine x2  
  62  6:03  Supply Depot  
  64  6:04  Reaper  
  64  6:07  Medivac x2  
  64  6:08  SCV x2  
  71  6:20  Refinery, SCV x2  
  71  6:22  Refinery  
  73  6:31  Engineering Bay  
  73  6:32  Engineering Bay, SCV  
  74  6:33  SCV  
  74  6:35  Siege Tank  
  74  6:36  Marine x2  
  80  6:44  SCV  
  80  6:45  Supply Depot  
  81  6:48  Barracks Tech Lab  
  81  6:49  Barracks  
  81  6:53  Marine x2  
  83  6:54  Medivac  
  85  7:07  Siege Tank, Medivac  
  90  7:09  Marine x2  
  90  7:10  Marine  
  90  7:14  Terran Infantry Weapons Level 1, Terran Infantry Armor Level 1  
  93  7:29  Supply Depot  
  93  7:39  Command Center  
  93  7:41  Marine  
  94  7:45  Supply Depot  
  94  7:46  Barracks Reactor  
  94  7:48  Stimpack  
  94  7:51  Marauder, Marine x3, Siege Tank  
  102  8:05  Supply Depot  
  102  8:09  Supply Depot  
  102  8:13  Marine x3  
  102  8:15  Marauder, Marine  
  102  8:19  Medivac  
  110  8:27  Medivac  
  112  8:35  Bunker  
  112  8:38  Supply Depot  
  112  8:40  Marine  
  112  8:41  Marine x2  
  114  8:42  Supply Depot  
  114  8:43  Siege Tank  
  114  8:44  Marine x2  
  120  8:49  Medivac  
  122  8:55  Marine  
  122  8:56  Marine, Medivac  
  122  8:57  Armory  
  122  9:02  Marine x2  
  128  9:03  Barracks, Marine  
  128  9:06  Barracks  
  129  9:11  Planetary Fortress  
  129  9:18  Refinery x2  
  129  9:21  Marine  
  129  9:22  Marauder, Marine x2  
  134  9:26  Marine x2  
  135  9:33  Supply Depot  
  135  9:35  Supply Depot  
  135  9:40  Siege Tank  
  135  9:41  Marine x2  
  135  9:43  Marauder  
  135  9:45  SCV x2  
  144  9:48  Marine x2, Combat Shields  
  144  9:49  Marine x2  
  148  9:57  SCV x2  
  148  9:59  Marine  
  151  10:04  Marauder  
  151  10:06  SCV  
  154  10:08  Barracks Reactor  
  154  10:09  Barracks Tech Lab, SCV  
  154  10:10  SCV  
  156  10:18  Supply Depot x2  
  156  10:19  Marine x3  
  159  10:22  Medivac x2  
  159  10:24  Siege Tank  
  159  10:25  Marine x2  
  159  10:26  Marauder  
  170  10:47  Supply Depot  
  170  10:48  Marauder x2  
  170  10:49  Supply Depot, Marine  
  175  11:07  Concussive Shells, Marine x3  
  175  11:08  Marine  
  175  11:09  Marauder x2  
  183  11:11  SCV x2  
  185  11:31  Marauder x2  
  189  11:52  Marauder  
  189  11:54  Marine x6  
  176  11:55  Marauder  
  147  12:01  Marine x2  
  129  12:11  Marine  
  129  12:12  Marine x4  
  129  12:13  Marauder, Siege Tank  
  126  12:16  Terran Infantry Weapons Level 2, Marauder, Terran Infantry Armor Level 2  
  126  12:20  Terran Vehicle And Ship Armor Level 1  
  128  12:35  Marauder  
  130  12:43  Marine x2  
  130  12:44  Marine x6  
  126  12:45  Marauder, Siege Tank  
  116  12:56  Marauder  
  106  13:01  Marine x4  
  106  13:02  Marine x4  
  103  13:06  Marine  
  99  13:17  Marine  
  99  13:19  Marine x5  
  79  13:20  Marine x3  
  79  13:24  Marine  
  72  13:35  Marine  
  72  13:37  Marine x5  
  78  13:44  Marine x3  
  68  14:01  Marine x3  
  68  14:02  Marine x3  
  65  14:13  Marine x2  
  64  14:34  Supply Depot  
  67  14:38  Siege Tank  
  67  14:39  Marine  
  68  15:00  Marine x2  
  68  15:02  Reaper  
  71  15:10  Siege Tank  
  71  15:11  Marine  
  75  15:21  Medivac x2  
  79  15:42  Siege Tank  
  56  16:19  Command Center  
Tags
 
Add a new tag
Caveats
  • Supply blocks, unpowered buildings, or Contaminate may cause inaccurate times.
  • Supply counts are checked every 10 seconds.